[ AOE2 MATCH · #478796205 ]
UnrankedCumans vs Teutons
[ REPLAY ANALYSIS · EXTRACTED FROM THE RECORDED GAME ]
Feudal
16:08
Castle
23:38
Imperial
36:12
| APM avg | 5.6 |
| APM peak | 21 |
| eAPM avg | 5.2 |
| Villagers / military | 76 / 54 |
Focus
⚔️ 18.2% · 🌾 81.8%
Kipchak ×35 · Knight ×19 · Trade Cart ×17 · Fishing Ship ×10
Feudal
11:46
Castle
15:58
Imperial
30:08
| APM avg | 20.3 |
| APM peak | 59 |
| eAPM avg | 14.4 |
| Villagers / military | 120 / 230 |
Focus
⚔️ 41.4% · 🌾 58.6%
Teutonic Knight ×217 · Bombard Cannon ×13 · Trade Cart ×8
Feudal
13:48
Castle
22:41
Imperial
33:05
| APM avg | 4.8 |
| APM peak | 16 |
| eAPM avg | 4.2 |
| Villagers / military | 64 / 75 |
Focus
⚔️ 19.0% · 🌾 81.0%
Kona ×72 · Fishing Ship ×6 · Trade Cart ×5 · Trebuchet (Packed) ×3
Feudal
12:14
Castle
16:43
Imperial
29:52
| APM avg | 33.2 |
| APM peak | 231 |
| eAPM avg | 21.2 |
| Villagers / military | 136 / 176 |
Focus
⚔️ 35.7% · 🌾 64.3%
Spearman ×136 · Trebuchet (Packed) ×22 · Cataphract ×18 · Trade Cart ×6
Feudal
11:04
Castle
15:58
Imperial
32:11
| APM avg | 16.9 |
| APM peak | 45 |
| eAPM avg | 11.9 |
| Villagers / military | 147 / 149 |
Focus
⚔️ 25.1% · 🌾 74.9%
Archer ×90 · War Elephant ×53 · Trade Cart ×15 · Fishing Ship ×8 · Demolition Raft ×4 · Trebuchet (Packed) ×2
Feudal
15:13
Castle
30:23
Imperial
44:31
| APM avg | 8.8 |
| APM peak | 33 |
| eAPM avg | 7.1 |
| Villagers / military | 108 / 117 |
Focus
⚔️ 22.5% · 🌾 77.5%
Petard ×80 · Spearman ×25 · Trade Cart ×15 · Battering Ram ×10 · Fishing Ship ×3 · Monk ×2
Feudal
14:05
Castle
20:06
Imperial
35:30
| APM avg | 23.1 |
| APM peak | 58 |
| eAPM avg | 14.7 |
| Villagers / military | 145 / 163 |
Focus
⚔️ 18.0% · 🌾 82.0%
Knight ×158 · Trade Cart ×29 · Trebuchet (Packed) ×4 · Camel Archer ×1
Feudal
13:41
Castle
22:30
Imperial
30:24
| APM avg | 14.8 |
| APM peak | 44 |
| eAPM avg | 10.1 |
| Villagers / military | 83 / 57 |
Focus
⚔️ 34.3% · 🌾 65.7%
Hussite Wagon ×26 · Fishing Ship ×22 · Bombard Cannon ×19 · Trade Cart ×12 · Cannon Galleon ×9 · Trebuchet (Packed) ×2
Match map
Initial resources + every placement click. Lines = walls · curves = elevation contours. ◆ gold · ⬟ stone · ● berries · ✦ relic · ◌ wall gap
Your base· ✓ Closed at 23:38 · 15t walls · no gate
exedra06's base· Open — opponent sealed themselves in
Franco Joao G's base· ✓ Closed at 22:41 · 0t walls · no gate
LeVieuxMachin's base· Open — opponent sealed themselves in
pabuGER's base· Open — opponent sealed themselves in
Alien gives man a beard's base· ✓ Closed at 30:23 · 16t walls · 1 gate(s)
zabreyski's base· Open — opponent sealed themselves in
yyxtdh's base· ✓ Closed at 22:30 · 15t walls · 2 gate(s)
Smoothed initial terrain · ◌ = detected wall gap · hover for details
Inputs per minute
— mimi.michalov - - exedra06
Build order — mimi.michalov
First 150 of 221 actions detected
| 0:11 | Build | Palisade Wall |
| 0:18 | Create | Villager (Male) |
| 0:19 | Research | Loom |
| 0:19 | Create | Villager (Male) |
| 0:19 | Create | Villager (Male) |
| 0:20 | Create | Villager (Male) |
| 0:20 | Create | Villager (Male) |
| 0:28 | Build | House |
| 0:30 | Build | House |
| 0:31 | Build | House |
| 0:33 | Build | House |
| 2:04 | Build | Palisade Wall |
| 4:05 | Create | Villager (Male) |
| 4:06 | Create | Villager (Male) |
| 4:43 | Create | Villager (Male) |
| 5:13 | Create | Villager (Male) |
| 5:13 | Create | Villager (Male) |
| 5:35 | Create | Villager (Male) |
| 5:35 | Create | Villager (Male) |
| 6:10 | Create | Villager (Male) |
| 6:18 | Build | Mill |
| 6:46 | Create | Villager (Male) |
| 6:46 | Create | Villager (Male) |
| 6:46 | Create | Villager (Male) |
| 7:01 | Create | Villager (Male) |
| 7:02 | Create | Villager (Male) |
| 7:16 | Create | Villager (Male) |
| 7:17 | Create | Villager (Male) |
| 7:17 | Create | Villager (Male) |
| 7:35 | Create | Villager (Male) |
| 7:35 | Create | Villager (Male) |
| 7:43 | Build | Lumber Camp |
| 7:55 | Create | Villager (Male) |
| 7:55 | Create | Villager (Male) |
| 8:17 | Create | Villager (Male) |
| 8:18 | Create | Villager (Male) |
| 8:43 | Create | Villager (Male) |
| 8:43 | Create | Villager (Male) |
| 8:43 | Create | Villager (Male) |
| 9:29 | Create | Villager (Male) |
| 9:29 | Create | Villager (Male) |
| 9:30 | Create | Villager (Male) |
| 9:30 | Create | Villager (Male) |
| 9:30 | Create | Villager (Male) |
| 9:48 | Build | Dock |
| 10:17 | Create | Villager (Male) |
| 10:17 | Create | Villager (Male) |
| 10:45 | Build | House |
| 10:46 | Build | House |
| 10:47 | Build | House |
| 10:48 | Build | House |
| 11:09 | Create | Villager (Male) |
| 11:09 | Create | Villager (Male) |
| 11:09 | Create | Villager (Male) |
| 11:10 | Create | Villager (Male) |
| 11:11 | Create | Villager (Male) |
| 11:29 | Build | Mining Camp |
| 11:54 | Build | Mining Camp |
| 12:23 | Build | Lumber Camp |
| 13:00 | Create | Fishing Ship |
| 13:13 | Create | Fishing Ship |
| 13:58 | Research | Feudal Age |
| 13:59 | Research | Feudal Age |
| 14:18 | Build | Farm |
| 14:21 | Build | Farm |
| 14:23 | Build | Farm |
| 14:26 | Build | Farm |
| 14:31 | Build | Farm |
| 15:40 | Create | Villager (Male) |
| 15:40 | Create | Villager (Male) |
| 15:41 | Create | Villager (Male) |
| 15:41 | Create | Villager (Male) |
| 15:46 | Create | Villager (Male) |
| 16:08 | Age | Feudal Age |
| 16:12 | Create | Villager (Male) |
| 16:13 | Create | Villager (Male) |
| 16:30 | Create | Villager (Male) |
| 16:30 | Create | Villager (Male) |
| 16:30 | Create | Villager (Male) |
| 16:40 | Build | Town Center |
| 17:11 | Build | Market |
| 17:24 | Research | Wheelbarrow |
| 17:38 | Build | Barracks |
| 17:45 | Build | Blacksmith |
| 18:46 | Build | Farm |
| 19:57 | Build | Archery Range |
| 20:02 | Build | Stable |
| 20:14 | Create | Fishing Ship |
| 20:14 | Create | Fishing Ship |
| 20:20 | Research | Tech 906 |
| 20:23 | Create | Fishing Ship |
| 20:23 | Create | Fishing Ship |
| 20:58 | Research | Castle Age |
| 21:56 | Research | Stone Mining |
| 21:59 | Research | Horse Collar |
| 22:03 | Research | Double-Bit Axe |
| 23:38 | Age | Castle Age |
| 23:47 | Build | Farm |
| 23:48 | Build | Farm |
| 23:50 | Build | Farm |
| 23:56 | Build | Farm |
| 23:58 | Build | Farm |
| 24:01 | Build | Farm |
| 24:05 | Create | Villager (Male) |
| 24:05 | Create | Villager (Male) |
| 24:05 | Create | Villager (Male) |
| 24:05 | Create | Villager (Male) |
| 24:06 | Create | Villager (Male) |
| 24:06 | Create | Villager (Male) |
| 24:13 | Create | Villager (Male) |
| 24:13 | Create | Villager (Male) |
| 24:14 | Create | Villager (Male) |
| 24:17 | Create | Villager (Male) |
| 24:17 | Create | Villager (Male) |
| 24:18 | Create | Villager (Male) |
| 24:18 | Create | Villager (Male) |
| 24:18 | Create | Villager (Male) |
| 24:54 | Build | Fish Trap |
| 25:00 | Build | Fish Trap |
| 25:14 | Build | Castle |
| 25:24 | Build | Fish Trap |
| 25:29 | Build | Fish Trap |
| 25:41 | Build | Fish Trap |
| 25:45 | Build | Fish Trap |
| 25:52 | Build | Farm |
| 25:59 | Build | House |
| 26:01 | Build | House |
| 26:02 | Build | House |
| 26:03 | Build | House |
| 26:04 | Build | House |
| 26:06 | Build | House |
| 26:07 | Build | House |
| 26:08 | Build | House |
| 26:09 | Build | House |
| 26:22 | Research | Caravan |
| 26:23 | Create | Trade Cart |
| 26:23 | Create | Trade Cart |
| 26:24 | Create | Trade Cart |
| 26:24 | Create | Trade Cart |
| 26:24 | Create | Trade Cart |
| 26:24 | Create | Trade Cart |
| 26:24 | Create | Trade Cart |
| 26:50 | Research | Hand Cart |
| 26:52 | Research | Town Watch |
| 27:16 | Build | Stable |
| 27:17 | Build | Stable |
| 28:01 | Build | Town Center |
| 28:15 | Build | Mining Camp |
| 28:26 | Build | Farm |
| 28:32 | Create | Trade Cart |
Build order — exedra06
First 150 of 505 actions detected
| 0:01 | Create | Villager (Male) |
| 0:02 | Create | Villager (Male) |
| 0:06 | Build | House |
| 0:09 | Build | House |
| 0:12 | Create | Villager (Male) |
| 0:12 | Create | Villager (Male) |
| 1:34 | Create | Villager (Male) |
| 1:57 | Build | Lumber Camp |
| 2:10 | Create | Villager (Male) |
| 2:32 | Create | Villager (Male) |
| 2:32 | Create | Villager (Male) |
| 3:01 | Create | Villager (Male) |
| 3:19 | Create | Villager (Male) |
| 3:41 | Create | Villager (Male) |
| 3:41 | Create | Villager (Male) |
| 4:12 | Create | Villager (Male) |
| 4:20 | Build | House |
| 4:22 | Build | House |
| 4:24 | Build | House |
| 4:39 | Build | Mill |
| 4:54 | Create | Villager (Male) |
| 4:54 | Create | Villager (Male) |
| 4:54 | Create | Villager (Male) |
| 5:42 | Create | Villager (Male) |
| 5:43 | Create | Villager (Male) |
| 5:51 | Create | Villager (Male) |
| 6:16 | Build | Farm |
| 6:18 | Create | Villager (Male) |
| 6:41 | Build | Farm |
| 7:15 | Create | Villager (Male) |
| 7:35 | Create | Villager (Male) |
| 7:36 | Create | Villager (Male) |
| 7:37 | Create | Villager (Male) |
| 8:24 | Build | Mining Camp |
| 9:11 | Research | Loom |
| 9:12 | Research | Feudal Age |
| 10:31 | Build | Farm |
| 10:32 | Build | Farm |
| 10:33 | Build | Farm |
| 11:08 | Build | Farm |
| 11:46 | Age | Feudal Age |
| 12:05 | Build | Blacksmith |
| 12:11 | Build | Market |
| 12:13 | Create | Villager (Male) |
| 12:13 | Create | Villager (Male) |
| 12:30 | Build | House |
| 12:31 | Build | House |
| 12:34 | Build | House |
| 12:37 | Build | House |
| 12:42 | Create | Villager (Male) |
| 13:18 | Research | Castle Age |
| 13:32 | Build | Mining Camp |
| 13:55 | Research | Double-Bit Axe |
| 15:35 | Create | Villager (Male) |
| 15:35 | Create | Villager (Male) |
| 15:58 | Age | Castle Age |
| 16:09 | Build | Town Center |
| 16:11 | Create | Villager (Male) |
| 16:30 | Build | Town Center |
| 16:38 | Create | Villager (Male) |
| 16:45 | Research | Stone Mining |
| 16:58 | Research | Bow Saw |
| 17:18 | Create | Villager (Male) |
| 17:30 | Build | Farm |
| 17:47 | Build | Farm |
| 17:54 | Create | Villager (Male) |
| 17:55 | Create | Villager (Male) |
| 18:22 | Build | Farm |
| 18:27 | Create | Villager (Male) |
| 18:27 | Create | Villager (Male) |
| 18:33 | Create | Villager (Male) |
| 18:33 | Create | Villager (Male) |
| 18:47 | Build | Farm |
| 18:55 | Build | Farm |
| 18:56 | Build | Farm |
| 18:56 | Build | Farm |
| 19:00 | Create | Villager (Male) |
| 19:01 | Create | Villager (Male) |
| 19:01 | Create | Villager (Male) |
| 19:10 | Build | Farm |
| 19:11 | Build | Farm |
| 19:11 | Build | Farm |
| 19:16 | Create | Villager (Male) |
| 19:16 | Create | Villager (Male) |
| 19:23 | Build | Farm |
| 19:23 | Build | Farm |
| 19:32 | Create | Villager (Male) |
| 19:46 | Build | Farm |
| 19:46 | Build | Farm |
| 19:51 | Create | Villager (Male) |
| 19:51 | Create | Villager (Male) |
| 20:01 | Build | Farm |
| 20:03 | Create | Villager (Male) |
| 20:05 | Create | Villager (Male) |
| 20:15 | Build | Farm |
| 20:17 | Build | Farm |
| 20:18 | Build | Farm |
| 20:21 | Create | Villager (Male) |
| 20:22 | Create | Villager (Male) |
| 20:39 | Build | Farm |
| 20:42 | Research | Horse Collar |
| 20:52 | Build | Farm |
| 20:53 | Create | Villager (Male) |
| 20:54 | Create | Villager (Male) |
| 21:08 | Build | Farm |
| 21:09 | Create | Villager (Male) |
| 21:09 | Create | Villager (Male) |
| 21:30 | Build | Mill |
| 21:34 | Build | Farm |
| 21:34 | Build | Farm |
| 21:35 | Build | Farm |
| 21:39 | Build | Farm |
| 21:41 | Create | Villager (Male) |
| 21:42 | Create | Villager (Male) |
| 21:47 | Research | Wheelbarrow |
| 21:49 | Create | Villager (Male) |
| 21:59 | Create | Villager (Male) |
| 21:59 | Create | Villager (Male) |
| 22:18 | Create | Villager (Male) |
| 22:19 | Create | Villager (Male) |
| 22:23 | Create | Villager (Male) |
| 22:30 | Research | Heavy Plow |
| 22:38 | Create | Villager (Male) |
| 22:45 | Build | Lumber Camp |
| 22:48 | Create | Villager (Male) |
| 22:48 | Create | Villager (Male) |
| 23:04 | Build | Mill |
| 23:08 | Build | Farm |
| 23:09 | Build | Farm |
| 23:12 | Create | Villager (Male) |
| 23:12 | Create | Villager (Male) |
| 23:41 | Build | House |
| 23:42 | Build | House |
| 23:43 | Build | House |
| 23:45 | Build | House |
| 23:47 | Build | House |
| 23:48 | Build | House |
| 23:50 | Build | House |
| 23:51 | Build | House |
| 23:54 | Create | Villager (Male) |
| 23:55 | Create | Villager (Male) |
| 24:03 | Build | House |
| 24:05 | Create | Villager (Male) |
| 24:16 | Build | Castle |
| 24:18 | Create | Villager (Male) |
| 24:48 | Research | Hand Cart |
| 24:50 | Create | Villager (Male) |
| 24:57 | Build | House |
| 24:58 | Build | House |
| 24:59 | Build | House |
Build order — Franco Joao G
149 actions detected in the replay
| 0:26 | Build | House |
| 0:28 | Build | House |
| 0:29 | Build | House |
| 0:35 | Build | House |
| 0:56 | Build | Dock |
| 1:03 | Research | Loom |
| 1:04 | Create | Villager (Male) ×4 |
| 2:27 | Create | Villager (Male) |
| 3:28 | Create | Villager (Male) |
| 3:52 | Create | Villager (Male) |
| 4:09 | Build | House |
| 4:11 | Build | House |
| 4:13 | Build | House |
| 4:15 | Build | House |
| 4:27 | Create | Villager (Male) |
| 5:22 | Create | Villager (Male) |
| 5:22 | Create | Villager (Male) |
| 5:43 | Create | Villager (Male) |
| 6:08 | Create | Fishing Ship |
| 6:14 | Create | Villager (Male) |
| 6:17 | Create | Villager (Male) |
| 6:53 | Create | Villager (Male) |
| 7:20 | Create | Villager (Male) |
| 7:22 | Create | Villager (Male) |
| 7:31 | Build | Settlement |
| 8:33 | Create | Villager (Male) |
| 8:34 | Create | Villager (Male) |
| 9:09 | Build | Settlement |
| 10:45 | Build | Settlement |
| 11:38 | Research | Feudal Age |
| 12:06 | Build | Settlement |
| 12:38 | Create | Fishing Ship |
| 13:08 | Create | Fishing Ship |
| 13:48 | Age | Feudal Age |
| 13:55 | Create | Villager (Male) ×5 |
| 14:19 | Build | Market |
| 14:42 | Build | Farm |
| 15:01 | Build | Farm |
| 15:11 | Create | Villager (Male) |
| 15:12 | Create | Villager (Male) |
| 15:25 | Build | Farm |
| 17:03 | Build | Settlement |
| 17:07 | Create | Villager (Male) |
| 17:08 | Create | Villager (Male) |
| 17:08 | Create | Villager (Male) |
| 17:08 | Create | Villager (Male) |
| 18:20 | Build | Blacksmith |
| 18:36 | Build | Farm |
| 18:38 | Build | Farm |
| 18:41 | Build | Farm |
| 18:43 | Build | Farm |
| 18:47 | Build | Farm |
| 19:11 | Create | Villager (Male) |
| 19:11 | Create | Villager (Male) |
| 19:49 | Research | Castle Age |
| 20:22 | Create | Trade Cart |
| 20:22 | Create | Trade Cart |
| 20:52 | Build | Barracks |
| 21:26 | Create | Trade Cart |
| 21:35 | Build | Fish Trap |
| 21:41 | Build | Fish Trap |
| 21:47 | Build | Fish Trap |
| 22:30 | Build | Archery Range |
| 22:41 | Age | Castle Age |
| 23:10 | Build | Castle |
| 23:19 | Create | Villager (Male) ×5 |
| 23:31 | Research | Double-Bit Axe |
| 23:41 | Research | Horse Collar |
| 24:50 | Build | Town Center |
| 25:48 | Build | Farm |
| 26:00 | Research | Caravan |
| 26:03 | Create | Trade Cart |
| 26:03 | Create | Trade Cart |
| 28:02 | Create | Villager (Male) |
| 28:02 | Create | Villager (Male) |
| 28:02 | Create | Villager (Male) |
| 28:44 | Research | Stone Mining |
| 28:50 | Research | Heavy Plow |
| 28:56 | Research | Bow Saw |
| 29:12 | Research | Gold Mining |
| 29:55 | Research | Imperial Age |
| 30:05 | Create | Villager (Male) |
| 30:05 | Create | Villager (Male) |
| 30:06 | Research | Town Watch |
| 30:28 | Build | Settlement |
| 30:37 | Create | Fishing Ship |
| 30:37 | Create | Fishing Ship |
| 30:38 | Create | Fishing Ship |
| 30:39 | Research | Tech 906 |
| 31:08 | Build | Farm |
| 31:10 | Build | Farm |
| 31:12 | Build | Farm |
| 31:14 | Build | Farm |
| 31:28 | Create | Kona ×5 |
| 31:28 | Create | Kona ×5 |
| 31:29 | Create | Kona ×5 |
| 31:39 | Build | Fish Trap |
| 31:49 | Build | Settlement |
| 32:33 | Build | Castle |
| 32:40 | Research | Wheelbarrow |
| 32:40 | Create | Villager (Male) |
| 32:41 | Create | Villager (Male) |
| 32:41 | Create | Villager (Male) |
| 33:05 | Age | Imperial Age |
| 33:42 | Build | Fish Trap |
| 33:49 | Build | Fish Trap |
| 33:53 | Research | Gillnets |
| 34:04 | Create | Trebuchet (Packed) ×2 |
| 34:40 | Create | Trebuchet (Packed) |
| 34:58 | Create | Villager (Male) ×5 |
| 35:09 | Build | University |
| 35:53 | Research | Chemistry |
| 36:07 | Create | Kona ×5 |
| 36:07 | Create | Kona ×5 |
| 36:07 | Create | Kona ×4 |
| 37:32 | Create | Villager (Male) ×5 |
| 38:46 | Research | Elite Kona |
| 38:47 | Create | Kona ×4 |
| 38:47 | Create | Kona ×4 |
| 39:01 | Build | Castle |
| 39:11 | Build | Farm |
| 39:13 | Build | Farm |
| 39:14 | Build | Farm |
| 40:36 | Build | Farm |
| 40:50 | Build | Stone Wall |
| 41:01 | Research | Tech 1378 |
| 41:15 | Build | Archery Range |
| 41:24 | Build | Archery Range |
| 41:26 | Build | Archery Range |
| 41:27 | Build | Archery Range |
| 41:28 | Build | Archery Range |
| 41:29 | Build | Archery Range |
| 41:30 | Build | Archery Range |
| 41:31 | Build | Archery Range |
| 41:54 | Create | Kona ×5 |
| 41:54 | Create | Kona ×5 |
| 41:54 | Create | Kona ×4 |
| 42:04 | Build | Farm |
| 42:04 | Build | Farm |
| 42:04 | Build | Farm |
| 42:04 | Build | Farm |
| 42:05 | Build | Farm |
| 44:06 | Create | Kona ×5 |
| 44:07 | Create | Kona ×5 |
| 44:07 | Create | Kona ×5 |
| 44:12 | Create | Villager (Male) ×5 |
| 44:13 | Create | Villager (Male) ×5 |
| 45:27 | Create | Kona ×3 |
| 45:27 | Create | Kona ×3 |
Build order — LeVieuxMachin
First 150 of 433 actions detected
| 0:03 | Create | Villager (Male) |
| 0:04 | Research | Loom |
| 0:04 | Create | Villager (Male) |
| 0:05 | Create | Villager (Male) |
| 0:05 | Create | Villager (Male) |
| 0:05 | Create | Villager (Male) |
| 0:10 | Build | House |
| 0:11 | Build | House |
| 0:12 | Build | House |
| 0:13 | Build | House |
| 1:39 | Create | Villager (Male) |
| 2:32 | Create | Villager (Male) |
| 2:33 | Create | Villager (Male) |
| 2:53 | Create | Villager (Male) |
| 3:24 | Build | Lumber Camp |
| 3:29 | Create | Villager (Male) |
| 4:02 | Create | Villager (Male) |
| 4:03 | Create | Villager (Male) |
| 4:42 | Create | Villager (Male) |
| 4:59 | Create | Villager (Male) |
| 4:59 | Create | Villager (Male) |
| 5:08 | Create | Villager (Male) |
| 5:08 | Create | Villager (Male) |
| 5:31 | Build | Mill |
| 5:51 | Create | Villager (Male) |
| 5:52 | Create | Villager (Male) |
| 5:52 | Create | Villager (Male) |
| 6:26 | Create | Villager (Male) |
| 6:26 | Create | Villager (Male) |
| 7:04 | Create | Villager (Male) |
| 7:33 | Create | Villager (Male) |
| 7:34 | Create | Villager (Male) |
| 7:58 | Create | Villager (Male) |
| 8:24 | Build | Mining Camp |
| 9:14 | Create | Villager (Male) |
| 9:14 | Create | Villager (Male) |
| 9:35 | Build | Mill |
| 9:44 | Research | Feudal Age |
| 11:36 | Build | House |
| 11:37 | Build | House |
| 12:00 | Build | House |
| 12:14 | Age | Feudal Age |
| 12:32 | Build | Market |
| 12:40 | Create | Villager (Male) |
| 12:41 | Create | Villager (Male) |
| 13:11 | Build | Blacksmith |
| 14:03 | Research | Castle Age |
| 14:17 | Build | Mining Camp |
| 16:33 | Research | Horse Collar |
| 16:38 | Research | Double-Bit Axe |
| 16:43 | Age | Castle Age |
| 16:56 | Build | Town Center |
| 16:59 | Research | Heavy Plow |
| 17:49 | Create | Villager (Male) |
| 17:49 | Create | Villager (Male) |
| 18:20 | Build | Town Center |
| 18:27 | Create | Villager (Male) |
| 18:37 | Create | Villager (Male) |
| 18:37 | Create | Villager (Male) |
| 18:46 | Build | Farm |
| 18:47 | Build | Farm |
| 18:48 | Build | Farm |
| 18:52 | Create | Villager (Male) |
| 18:53 | Create | Villager (Male) |
| 19:26 | Create | Villager (Male) |
| 19:27 | Create | Villager (Male) |
| 19:46 | Build | Town Center |
| 19:56 | Create | Villager (Male) |
| 20:04 | Build | Farm |
| 20:16 | Build | Farm |
| 20:17 | Build | Farm |
| 20:24 | Create | Villager (Male) |
| 20:34 | Build | Farm |
| 20:35 | Build | Farm |
| 20:37 | Build | Farm |
| 20:38 | Build | Farm |
| 20:40 | Build | Farm |
| 20:54 | Build | Farm |
| 20:55 | Build | Farm |
| 20:58 | Build | Farm |
| 21:01 | Create | Villager (Male) |
| 21:32 | Create | Villager (Male) |
| 21:32 | Create | Villager (Male) |
| 22:02 | Create | Villager (Male) |
| 22:03 | Create | Villager (Male) |
| 22:19 | Build | Farm |
| 22:22 | Build | Farm |
| 22:23 | Build | Farm |
| 22:26 | Create | Villager (Male) |
| 22:27 | Create | Villager (Male) |
| 22:35 | Create | Villager (Male) |
| 22:35 | Create | Villager (Male) |
| 22:45 | Create | Villager (Male) |
| 22:46 | Create | Villager (Male) |
| 22:56 | Build | Farm |
| 22:58 | Build | Farm |
| 23:06 | Create | Villager (Male) |
| 23:07 | Create | Villager (Male) |
| 23:19 | Create | Villager (Male) |
| 23:33 | Build | Farm |
| 23:34 | Build | Farm |
| 23:35 | Build | Farm |
| 23:38 | Create | Villager (Male) |
| 23:47 | Create | Villager (Male) |
| 23:47 | Create | Villager (Male) |
| 23:57 | Create | Villager (Male) |
| 23:58 | Create | Villager (Male) |
| 24:39 | Create | Villager (Male) |
| 24:39 | Create | Villager (Male) |
| 25:04 | Build | Monastery |
| 25:09 | Build | University |
| 25:15 | Create | Villager (Male) |
| 25:16 | Create | Villager (Male) |
| 25:25 | Build | House |
| 25:26 | Build | House |
| 25:35 | Build | House |
| 25:36 | Build | House |
| 25:37 | Build | House |
| 25:38 | Build | House |
| 25:50 | Create | Villager (Male) |
| 25:51 | Create | Villager (Male) |
| 26:20 | Research | Imperial Age |
| 26:26 | Build | Farm |
| 27:05 | Build | Town Center |
| 27:27 | Create | Villager (Male) |
| 27:28 | Create | Villager (Male) |
| 27:31 | Research | Scale Mail Armor |
| 27:41 | Build | House |
| 27:42 | Build | House |
| 27:44 | Build | House |
| 27:45 | Build | House |
| 27:46 | Build | House |
| 27:47 | Build | House |
| 27:48 | Build | House |
| 27:57 | Research | Bow Saw |
| 28:00 | Create | Villager (Male) |
| 28:01 | Create | Villager (Male) |
| 28:01 | Create | Villager (Male) |
| 28:01 | Create | Villager (Male) |
| 28:28 | Create | Villager (Male) |
| 28:28 | Create | Villager (Male) |
| 28:29 | Create | Villager (Male) |
| 28:29 | Create | Villager (Male) |
| 28:36 | Create | Villager (Male) |
| 28:36 | Create | Villager (Male) |
| 28:47 | Build | Barracks |
| 28:48 | Build | Barracks |
| 28:50 | Build | Barracks |
| 28:59 | Create | Villager (Male) |
| 28:59 | Create | Villager (Male) |
Build order — pabuGER
First 150 of 339 actions detected
| 0:03 | Create | Villager (Male) |
| 0:04 | Create | Villager (Male) |
| 0:07 | Build | House |
| 0:09 | Build | House |
| 1:05 | Create | Villager (Male) |
| 1:06 | Create | Villager (Male) |
| 1:20 | Create | Villager (Male) |
| 1:34 | Create | Villager (Male) |
| 2:12 | Build | Lumber Camp |
| 2:14 | Create | Villager (Male) |
| 3:19 | Create | Villager (Male) |
| 3:53 | Create | Villager (Male) |
| 4:01 | Create | Villager (Male) |
| 4:48 | Create | Villager (Male) |
| 5:02 | Create | Villager (Male) |
| 5:14 | Build | House |
| 5:20 | Build | Mill |
| 5:52 | Create | Villager (Male) |
| 5:52 | Create | Villager (Male) |
| 6:04 | Create | Villager (Male) |
| 6:04 | Create | Villager (Male) |
| 6:25 | Create | Villager (Male) |
| 7:10 | Create | Villager (Male) |
| 7:22 | Build | House |
| 8:05 | Create | Villager (Male) |
| 8:43 | Build | Mining Camp |
| 9:00 | Research | Feudal Age |
| 9:01 | Research | Feudal Age |
| 11:04 | Age | Feudal Age |
| 11:08 | Build | Market |
| 11:13 | Build | Blacksmith |
| 11:24 | Build | Dock |
| 12:15 | Build | Farm |
| 12:17 | Build | Farm |
| 12:23 | Build | Farm |
| 12:30 | Build | Farm |
| 12:51 | Research | Loom |
| 13:11 | Build | Farm |
| 13:16 | Build | Farm |
| 13:32 | Research | Castle Age |
| 14:16 | Build | Farm |
| 14:18 | Research | Double-Bit Axe |
| 14:36 | Build | Farm |
| 14:41 | Research | Horse Collar |
| 15:21 | Build | Farm |
| 15:30 | Build | Farm |
| 15:44 | Create | Villager (Male) |
| 15:45 | Create | Villager (Male) |
| 15:46 | Create | Villager (Male) |
| 15:58 | Age | Castle Age |
| 15:59 | Build | House |
| 16:36 | Build | Town Center |
| 16:47 | Create | Villager (Male) |
| 16:48 | Create | Villager (Male) |
| 16:57 | Research | Wheelbarrow |
| 17:09 | Create | Villager (Male) |
| 17:59 | Build | House |
| 18:02 | Build | House |
| 18:26 | Build | Town Center |
| 18:40 | Create | Villager (Male) |
| 18:45 | Build | House |
| 19:00 | Build | Farm |
| 19:03 | Create | Villager (Male) |
| 19:05 | Create | Villager (Male) |
| 19:08 | Create | Villager (Male) |
| 19:08 | Create | Villager (Male) |
| 19:14 | Research | Bow Saw |
| 19:37 | Create | Villager (Male) |
| 19:40 | Create | Villager (Male) |
| 19:43 | Create | Villager (Male) |
| 20:01 | Create | Villager (Male) |
| 20:14 | Create | Villager (Male) |
| 20:18 | Create | Villager (Male) |
| 20:24 | Research | Gold Mining |
| 20:25 | Research | Stone Mining |
| 20:39 | Create | Villager (Male) |
| 20:41 | Create | Villager (Male) |
| 20:47 | Create | Villager (Male) |
| 20:51 | Build | Farm |
| 20:53 | Build | Farm |
| 21:00 | Build | Farm |
| 21:05 | Build | Farm |
| 21:10 | Build | Farm |
| 21:14 | Create | Villager (Male) |
| 21:19 | Build | Farm |
| 21:23 | Create | Villager (Male) |
| 21:28 | Create | Villager (Male) |
| 21:32 | Create | Villager (Male) |
| 21:50 | Build | Monastery |
| 21:59 | Build | Mining Camp |
| 22:05 | Create | Villager (Male) |
| 22:07 | Create | Villager (Male) |
| 22:08 | Create | Villager (Male) |
| 22:14 | Create | Villager (Male) |
| 22:17 | Create | Villager (Male) |
| 22:21 | Create | Villager (Male) |
| 22:22 | Create | Villager (Male) |
| 22:47 | Build | Mill |
| 23:00 | Build | Farm |
| 23:00 | Build | Farm |
| 23:00 | Build | Farm |
| 23:01 | Build | Farm |
| 23:01 | Build | Farm |
| 23:02 | Build | Farm |
| 23:07 | Build | Farm |
| 23:10 | Create | Villager (Male) |
| 23:11 | Create | Villager (Male) |
| 23:12 | Create | Villager (Male) |
| 23:25 | Build | House |
| 23:29 | Build | House |
| 23:40 | Research | Town Watch |
| 23:47 | Research | Tech 906 |
| 24:01 | Create | Villager (Male) |
| 24:04 | Create | Villager (Male) |
| 24:07 | Research | Hand Cart |
| 24:11 | Create | Villager (Male) |
| 24:13 | Create | Villager (Male) |
| 24:34 | Create | Villager (Male) |
| 24:35 | Create | Villager (Male) |
| 24:41 | Research | Gillnets |
| 24:44 | Create | Fishing Ship |
| 24:52 | Create | Villager (Male) |
| 24:53 | Create | Villager (Male) |
| 25:07 | Create | Fishing Ship |
| 25:10 | Create | Villager (Male) |
| 25:12 | Create | Villager (Male) |
| 25:15 | Build | Farm |
| 25:17 | Build | Farm |
| 25:23 | Build | House |
| 25:25 | Build | House |
| 25:27 | Build | House |
| 25:53 | Build | Fish Trap |
| 26:07 | Create | Villager (Male) |
| 26:08 | Create | Villager (Male) |
| 26:09 | Create | Villager (Male) |
| 26:11 | Create | Villager (Male) |
| 26:13 | Create | Villager (Male) |
| 26:36 | Build | Castle |
| 26:41 | Build | Mining Camp |
| 26:44 | Create | Villager (Male) |
| 26:47 | Create | Villager (Male) |
| 26:50 | Create | Villager (Male) |
| 26:52 | Create | Villager (Male) |
| 26:53 | Create | Villager (Male) |
| 26:54 | Create | Villager (Male) |
| 27:01 | Build | Fish Trap |
| 27:03 | Create | Demolition Raft |
| 27:05 | Create | Demolition Raft |
| 27:11 | Create | Demolition Raft |
| 27:17 | Create | Fishing Ship |
Build order — Alien gives man a beard
First 150 of 240 actions detected
| 0:07 | Build | House |
| 0:08 | Build | House |
| 0:19 | Create | Villager (Male) ×4 |
| 0:47 | Build | Dock |
| 1:24 | Research | Loom |
| 1:59 | Create | Villager (Male) |
| 3:22 | Create | Villager (Male) |
| 3:54 | Build | Settlement |
| 4:21 | Create | Fishing Ship |
| 4:28 | Create | Villager (Male) |
| 5:05 | Create | Villager (Male) |
| 5:27 | Create | Fishing Ship |
| 5:49 | Create | Villager (Male) |
| 6:09 | Create | Fishing Ship |
| 6:20 | Create | Villager (Male) |
| 7:06 | Create | Villager (Male) |
| 7:15 | Create | Villager (Male) |
| 7:40 | Build | Settlement |
| 7:45 | Create | Villager (Male) |
| 8:18 | Create | Villager (Male) |
| 8:28 | Create | Villager (Male) |
| 8:57 | Create | Villager (Male) |
| 9:24 | Create | Villager (Male) |
| 9:45 | Create | Villager (Male) |
| 10:07 | Build | Settlement |
| 10:11 | Create | Villager (Male) |
| 10:56 | Create | Villager (Male) |
| 11:13 | Create | Villager (Male) |
| 11:53 | Create | Villager (Male) |
| 12:37 | Create | Villager (Male) |
| 13:03 | Research | Feudal Age |
| 15:11 | Create | Villager (Male) ×5 |
| 15:13 | Age | Feudal Age |
| 15:20 | Research | Double-Bit Axe |
| 15:22 | Research | Horse Collar |
| 15:36 | Build | Fish Trap |
| 15:40 | Build | Fish Trap |
| 15:47 | Build | Fish Trap |
| 16:22 | Research | Gold Mining |
| 16:29 | Create | Villager (Male) |
| 16:30 | Create | Villager (Male) |
| 16:56 | Build | Market |
| 17:14 | Research | Stone Mining |
| 17:30 | Create | Villager (Male) |
| 17:30 | Create | Villager (Male) |
| 17:47 | Build | Farm |
| 17:47 | Build | Farm |
| 17:47 | Build | Farm |
| 17:48 | Build | Farm |
| 17:48 | Build | Farm |
| 17:48 | Build | Farm |
| 17:48 | Build | Farm |
| 17:48 | Build | Farm |
| 17:49 | Build | Farm |
| 17:49 | Build | Farm |
| 17:49 | Build | Farm |
| 17:49 | Build | Farm |
| 17:50 | Build | Farm |
| 17:57 | Create | Villager (Male) |
| 17:57 | Create | Villager (Male) |
| 18:27 | Create | Villager (Male) |
| 18:27 | Create | Villager (Male) |
| 18:56 | Build | Farm |
| 18:56 | Build | Farm |
| 18:56 | Build | Farm |
| 18:57 | Build | Farm |
| 18:57 | Build | Farm |
| 18:57 | Build | Farm |
| 18:57 | Build | Farm |
| 18:58 | Build | Farm |
| 18:58 | Build | Farm |
| 18:58 | Build | Farm |
| 18:58 | Build | Farm |
| 18:59 | Build | Farm |
| 18:59 | Build | Farm |
| 18:59 | Build | Farm |
| 19:08 | Create | Villager (Male) |
| 19:08 | Create | Villager (Male) |
| 19:08 | Create | Villager (Male) |
| 19:09 | Create | Villager (Male) |
| 19:09 | Create | Villager (Male) |
| 19:38 | Build | Stone Wall |
| 20:32 | Create | Trade Cart ×5 |
| 20:49 | Create | Villager (Male) ×5 |
| 21:55 | Build | Barracks |
| 21:57 | Build | Barracks |
| 22:18 | Create | Villager (Male) |
| 22:18 | Create | Villager (Male) |
| 22:37 | Build | Gate |
| 23:05 | Build | Settlement |
| 23:16 | Research | Wheelbarrow |
| 23:17 | Research | Town Watch |
| 23:18 | Create | Villager (Male) |
| 23:18 | Create | Villager (Male) |
| 23:19 | Create | Villager (Male) |
| 23:19 | Create | Villager (Male) |
| 24:21 | Build | Barracks |
| 25:01 | Build | Blacksmith |
| 25:15 | Create | Villager (Male) |
| 25:16 | Create | Villager (Male) |
| 25:46 | Research | Arson |
| 25:48 | Research | Tech 1402 |
| 25:54 | Research | Forging |
| 25:55 | Research | Scale Mail Armor |
| 26:03 | Research | Castle Age |
| 26:54 | Build | Barracks |
| 27:02 | Build | Archery Range |
| 27:04 | Build | Archery Range |
| 27:06 | Build | Archery Range |
| 27:08 | Build | Archery Range |
| 27:16 | Create | Spearman ×5 |
| 27:16 | Create | Spearman ×5 |
| 27:16 | Create | Spearman ×5 |
| 27:50 | Create | Trade Cart ×5 |
| 28:07 | Build | House |
| 28:08 | Build | House |
| 28:08 | Build | House |
| 28:08 | Build | House |
| 28:09 | Build | House |
| 28:09 | Build | House |
| 28:09 | Build | House |
| 28:09 | Build | House |
| 28:09 | Build | House |
| 29:02 | Create | Villager (Male) ×5 |
| 29:26 | Create | Spearman ×5 |
| 29:26 | Create | Spearman ×5 |
| 30:23 | Age | Castle Age |
| 30:27 | Build | Monastery |
| 30:32 | Build | University |
| 30:49 | Research | Iron Casting |
| 30:50 | Research | Chain Mail Armor |
| 31:00 | Build | Town Center |
| 31:08 | Create | Villager (Male) |
| 31:08 | Create | Villager (Male) |
| 31:08 | Create | Villager (Male) |
| 31:09 | Create | Villager (Male) |
| 31:16 | Create | Monk |
| 31:31 | Research | Pikeman (upgrade) |
| 31:32 | Research | Squires |
| 31:44 | Build | Castle |
| 31:53 | Create | Villager (Male) |
| 31:53 | Create | Villager (Male) |
| 32:00 | Research | Bow Saw |
| 33:13 | Create | Villager (Male) ×5 |
| 33:13 | Create | Villager (Male) ×5 |
| 33:21 | Research | Heavy Plow |
| 33:22 | Research | Gold Shaft Mining |
| 33:36 | Build | Town Center |
| 34:16 | Create | Petard ×5 |
| 34:16 | Create | Petard ×5 |
Build order — zabreyski
First 150 of 408 actions detected
| 0:22 | Build | Palisade Wall |
| 0:49 | Create | Villager (Male) |
| 0:49 | Create | Villager (Male) |
| 0:49 | Create | Villager (Male) |
| 0:49 | Create | Villager (Male) |
| 0:50 | Create | Villager (Male) |
| 1:02 | Build | House |
| 3:50 | Build | Palisade Wall |
| 4:01 | Create | Villager (Male) |
| 4:01 | Create | Villager (Male) |
| 4:28 | Create | Villager (Male) |
| 4:28 | Create | Villager (Male) |
| 4:29 | Create | Villager (Male) |
| 4:42 | Build | House |
| 5:10 | Build | Palisade Wall |
| 5:12 | Create | Villager (Male) |
| 5:12 | Create | Villager (Male) |
| 5:23 | Build | Lumber Camp |
| 5:37 | Create | Villager (Male) |
| 5:37 | Create | Villager (Male) |
| 6:00 | Create | Villager (Male) |
| 6:00 | Create | Villager (Male) |
| 6:00 | Create | Villager (Male) |
| 6:19 | Build | House |
| 6:24 | Create | Villager (Male) |
| 6:24 | Create | Villager (Male) |
| 6:48 | Create | Villager (Male) |
| 6:48 | Create | Villager (Male) |
| 7:15 | Build | Mill |
| 7:46 | Create | Villager (Male) |
| 7:47 | Create | Villager (Male) |
| 7:47 | Create | Villager (Male) |
| 8:08 | Build | Palisade Wall |
| 8:15 | Build | House |
| 8:18 | Create | Villager (Male) |
| 8:18 | Create | Villager (Male) |
| 8:19 | Create | Villager (Male) |
| 8:32 | Build | Farm |
| 8:33 | Build | Farm |
| 8:35 | Build | Farm |
| 9:03 | Build | Farm |
| 9:05 | Build | Farm |
| 9:18 | Create | Villager (Male) |
| 9:19 | Create | Villager (Male) |
| 9:19 | Create | Villager (Male) |
| 9:19 | Create | Villager (Male) |
| 9:41 | Create | Villager (Male) |
| 9:42 | Create | Villager (Male) |
| 10:03 | Create | Villager (Male) |
| 10:03 | Create | Villager (Male) |
| 10:32 | Build | Farm |
| 10:33 | Build | Farm |
| 10:53 | Build | House |
| 11:02 | Create | Villager (Male) |
| 11:56 | Research | Feudal Age |
| 11:56 | Research | Feudal Age |
| 12:16 | Build | House |
| 12:25 | Create | Villager (Male) |
| 12:25 | Create | Villager (Male) |
| 12:37 | Build | Farm |
| 12:38 | Build | Farm |
| 12:41 | Build | Farm |
| 12:56 | Create | Villager (Male) |
| 12:56 | Create | Villager (Male) |
| 13:24 | Create | Villager (Male) |
| 13:25 | Create | Villager (Male) |
| 14:04 | Build | Farm |
| 14:05 | Age | Feudal Age |
| 14:24 | Build | Watch Tower |
| 14:38 | Build | Mining Camp |
| 14:52 | Create | Villager (Male) |
| 14:52 | Create | Villager (Male) |
| 15:22 | Build | Blacksmith |
| 15:27 | Create | Villager (Male) |
| 16:21 | Build | Market |
| 16:40 | Build | Stone Wall |
| 16:48 | Create | Villager (Male) |
| 17:03 | Build | Mining Camp |
| 17:26 | Research | Castle Age |
| 17:31 | Research | Double-Bit Axe |
| 18:33 | Build | House |
| 18:34 | Build | House |
| 18:53 | Build | Mining Camp |
| 19:17 | Research | Stone Mining |
| 19:26 | Research | Horse Collar |
| 19:26 | Research | Horse Collar |
| 19:54 | Build | Lumber Camp |
| 19:57 | Create | Villager (Male) |
| 19:58 | Create | Villager (Male) |
| 19:58 | Create | Villager (Male) |
| 20:06 | Age | Castle Age |
| 20:48 | Create | Villager (Male) |
| 20:49 | Build | Farm |
| 21:10 | Build | Town Center |
| 21:23 | Research | Wheelbarrow |
| 21:29 | Research | Bow Saw |
| 22:30 | Build | Stone Wall |
| 22:37 | Create | Villager (Male) |
| 22:51 | Build | Town Center |
| 22:56 | Create | Villager (Male) |
| 22:56 | Create | Villager (Male) |
| 22:57 | Create | Villager (Male) |
| 23:18 | Build | Town Center |
| 23:23 | Create | Villager (Male) |
| 23:23 | Create | Villager (Male) |
| 23:39 | Build | Farm |
| 23:39 | Build | Farm |
| 23:40 | Build | Farm |
| 23:40 | Build | Farm |
| 23:41 | Build | Farm |
| 23:52 | Create | Villager (Male) |
| 24:02 | Create | Villager (Male) |
| 24:02 | Create | Villager (Male) |
| 24:23 | Build | Gate |
| 24:32 | Create | Villager (Male) |
| 24:32 | Create | Villager (Male) |
| 24:45 | Build | Farm |
| 24:46 | Build | Farm |
| 24:47 | Build | Farm |
| 24:47 | Build | Farm |
| 24:48 | Build | Farm |
| 24:49 | Build | Farm |
| 24:49 | Build | Farm |
| 24:49 | Build | Farm |
| 24:50 | Build | Farm |
| 24:50 | Build | Farm |
| 24:50 | Build | Farm |
| 24:51 | Build | Farm |
| 24:51 | Build | Farm |
| 24:51 | Build | Farm |
| 24:52 | Build | Farm |
| 24:53 | Build | Farm |
| 25:07 | Create | Villager (Male) |
| 25:07 | Create | Villager (Male) |
| 25:10 | Create | Villager (Male) |
| 25:10 | Create | Villager (Male) |
| 25:24 | Create | Villager (Male) |
| 25:45 | Build | Castle |
| 26:02 | Create | Villager (Male) |
| 26:02 | Create | Villager (Male) |
| 26:03 | Create | Villager (Male) |
| 26:04 | Create | Villager (Male) |
| 26:17 | Create | Villager (Male) |
| 26:18 | Create | Villager (Male) |
| 26:21 | Create | Villager (Male) |
| 26:36 | Build | Farm |
| 26:37 | Build | Farm |
| 26:37 | Build | Farm |
| 26:38 | Build | Farm |
| 26:39 | Build | Farm |
Build order — yyxtdh
First 150 of 305 actions detected
| 0:09 | Build | House |
| 0:13 | Build | House |
| 0:24 | Build | House |
| 0:28 | Build | House |
| 0:30 | Build | House |
| 0:32 | Build | House |
| 1:11 | Create | Villager (Male) |
| 1:12 | Create | Villager (Male) |
| 1:12 | Create | Villager (Male) |
| 1:12 | Create | Villager (Male) |
| 1:12 | Create | Villager (Male) |
| 1:13 | Create | Villager (Male) |
| 1:44 | Build | Palisade Wall |
| 2:36 | Create | Villager (Male) |
| 2:37 | Create | Villager (Male) |
| 2:37 | Create | Villager (Male) |
| 2:38 | Create | Villager (Male) |
| 3:32 | Build | Palisade Wall |
| 3:43 | Create | Villager (Male) |
| 3:43 | Create | Villager (Male) |
| 3:44 | Create | Villager (Male) |
| 3:44 | Create | Villager (Male) |
| 4:02 | Build | Palisade Wall |
| 4:10 | Create | Villager (Male) |
| 4:11 | Create | Villager (Male) |
| 4:11 | Create | Villager (Male) |
| 4:11 | Create | Villager (Male) |
| 4:11 | Create | Villager (Male) |
| 5:02 | Build | Palisade Wall |
| 5:07 | Create | Villager (Male) |
| 5:07 | Create | Villager (Male) |
| 5:08 | Create | Villager (Male) |
| 5:41 | Create | Villager (Male) |
| 5:41 | Create | Villager (Male) |
| 5:41 | Create | Villager (Male) |
| 5:41 | Create | Villager (Male) |
| 5:55 | Research | Loom |
| 6:22 | Create | Villager (Male) |
| 6:22 | Create | Villager (Male) |
| 6:22 | Create | Villager (Male) |
| 6:23 | Create | Villager (Male) |
| 6:23 | Create | Villager (Male) |
| 6:47 | Build | Dock |
| 7:06 | Build | Palisade Wall |
| 7:28 | Create | Villager (Male) |
| 7:29 | Create | Villager (Male) |
| 7:29 | Create | Villager (Male) |
| 7:47 | Build | Lumber Camp |
| 8:28 | Create | Villager (Male) |
| 8:30 | Create | Villager (Male) |
| 8:30 | Create | Villager (Male) |
| 8:30 | Create | Villager (Male) |
| 8:30 | Create | Villager (Male) |
| 8:31 | Create | Villager (Male) |
| 8:31 | Create | Villager (Male) |
| 8:34 | Create | Fishing Ship |
| 8:35 | Create | Fishing Ship |
| 9:19 | Build | Mill |
| 10:14 | Create | Villager (Male) |
| 10:23 | Create | Fishing Ship |
| 10:28 | Create | Fishing Ship |
| 10:29 | Create | Fishing Ship |
| 10:30 | Create | Fishing Ship |
| 10:30 | Create | Fishing Ship |
| 11:04 | Build | Mining Camp |
| 11:22 | Create | Villager (Male) |
| 11:23 | Create | Villager (Male) |
| 11:31 | Research | Feudal Age |
| 12:09 | Build | Mining Camp |
| 12:18 | Create | Fishing Ship |
| 12:19 | Create | Fishing Ship |
| 13:27 | Create | Fishing Ship |
| 13:28 | Create | Fishing Ship |
| 13:41 | Age | Feudal Age |
| 13:46 | Research | Wheelbarrow |
| 13:48 | Research | Double-Bit Axe |
| 13:57 | Research | Tech 906 |
| 13:57 | Research | Tech 906 |
| 13:58 | Research | Tech 906 |
| 13:58 | Research | Tech 906 |
| 14:26 | Create | Villager (Male) |
| 14:27 | Create | Villager (Male) |
| 15:24 | Build | Lumber Camp |
| 15:49 | Build | Barracks |
| 16:34 | Build | Blacksmith |
| 16:52 | Build | Market |
| 16:58 | Create | Fishing Ship |
| 16:58 | Create | Fishing Ship |
| 17:18 | Build | Fish Trap |
| 17:27 | Build | Fish Trap |
| 17:58 | Build | Fish Trap |
| 18:22 | Build | Fish Trap |
| 18:45 | Build | Fish Trap |
| 19:16 | Build | Fish Trap |
| 19:25 | Create | Villager (Male) |
| 19:27 | Research | Castle Age |
| 19:33 | Build | Fish Trap |
| 19:57 | Build | Fish Trap |
| 20:27 | Create | Fishing Ship |
| 20:27 | Create | Fishing Ship |
| 20:27 | Create | Fishing Ship |
| 20:44 | Build | House |
| 20:45 | Build | House |
| 20:49 | Build | House |
| 20:50 | Build | House |
| 20:56 | Build | House |
| 20:58 | Build | House |
| 21:08 | Build | Gate |
| 21:15 | Build | Stone Wall |
| 21:29 | Build | Fish Trap |
| 21:48 | Build | Fish Trap |
| 22:13 | Build | Gate |
| 22:15 | Build | House |
| 22:23 | Research | Town Watch |
| 22:30 | Age | Castle Age |
| 22:46 | Build | Monastery |
| 23:00 | Build | University |
| 23:16 | Build | House |
| 23:18 | Build | House |
| 23:21 | Build | House |
| 23:22 | Build | House |
| 23:24 | Build | House |
| 23:33 | Build | Gate |
| 23:35 | Build | House |
| 23:48 | Build | Mining Camp |
| 24:21 | Build | Fish Trap |
| 24:28 | Research | Hand Cart |
| 25:05 | Research | Bow Saw |
| 25:12 | Create | Villager (Male) |
| 25:13 | Create | Villager (Male) |
| 25:36 | Research | Gillnets |
| 26:03 | Build | Castle |
| 27:14 | Research | Imperial Age |
| 27:14 | Research | Imperial Age |
| 27:37 | Build | Town Center |
| 28:10 | Build | Siege Workshop |
| 28:15 | Build | Siege Workshop |
| 28:30 | Build | Siege Workshop |
| 28:47 | Research | Town Patrol |
| 28:48 | Create | Villager (Male) |
| 28:49 | Create | Villager (Male) |
| 28:49 | Create | Villager (Male) |
| 28:50 | Create | Villager (Male) |
| 29:05 | Create | Fishing Ship |
| 29:05 | Create | Fishing Ship |
| 29:06 | Create | Fishing Ship |
| 29:06 | Create | Fishing Ship |
| 29:35 | Build | Mining Camp |
| 29:55 | Build | Fish Trap |
| 30:24 | Age | Imperial Age |
Match timeline
| 0:11 | mimi.michalov · wall_segment Palisade Wall x14 |
| 0:22 | zabreyski · wall_segment Palisade Wall x7 |
| 0:47 | Alien gives man a beard · first_building Dock |
| 0:56 | Franco Joao G · first_building Dock |
| 1:44 | yyxtdh · wall_segment Palisade Wall x1 |
| 2:04 | mimi.michalov · wall_segment Palisade Wall x12 |
| 3:32 | yyxtdh · wall_segment Palisade Wall x5 |
| 3:50 | zabreyski · wall_segment Palisade Wall x5 |
| 4:02 | yyxtdh · wall_segment Palisade Wall x2 |
| 5:02 | yyxtdh · wall_segment Palisade Wall x1 |
| 5:10 | zabreyski · wall_segment Palisade Wall x3 |
| 6:47 | yyxtdh · first_building Dock |
| 7:06 | yyxtdh · wall_segment Palisade Wall x5 |
| 8:08 | zabreyski · wall_segment Palisade Wall x4 |
| 9:48 | mimi.michalov · first_building Dock |
| 11:04 | pabuGER · age_up feudal |
| 11:24 | pabuGER · first_building Dock |
| 11:46 | exedra06 · age_up feudal |
| 12:14 | LeVieuxMachin · age_up feudal |
| 13:41 | yyxtdh · age_up feudal |
| 13:48 | Franco Joao G · age_up feudal |
| 14:05 | zabreyski · age_up feudal |
| 15:13 | Alien gives man a beard · age_up feudal |
| 15:49 | yyxtdh · first_building Barracks |
| 15:58 | exedra06 · age_up castle |
| 15:58 | pabuGER · age_up castle |
| 16:08 | mimi.michalov · age_up feudal |
| 16:40 | zabreyski · wall_segment Stone Wall x8 |
| 16:43 | LeVieuxMachin · age_up castle |
| 17:38 | mimi.michalov · first_building Barracks |
| 19:38 | Alien gives man a beard · wall_segment Stone Wall x16 |
| 19:57 | mimi.michalov · first_building Archery Range |
| 20:02 | mimi.michalov · first_building Stable |
| 20:06 | zabreyski · age_up castle |
| 20:52 | Franco Joao G · first_building Barracks |
| 21:15 | yyxtdh · wall_segment Stone Wall x1 |
| 21:50 | pabuGER · first_building Monastery |
| 21:55 | Alien gives man a beard · first_building Barracks |
| 22:30 | yyxtdh · age_up castle |
| 22:30 | zabreyski · wall_segment Stone Wall x14 |
| 22:30 | Franco Joao G · first_building Archery Range |
| 22:41 | Franco Joao G · age_up castle |
| 22:46 | yyxtdh · first_building Monastery |
| 23:10 | Franco Joao G · first_building Castle |
| 23:38 | mimi.michalov · age_up castle |
| 24:16 | exedra06 · first_building Castle |
| 25:04 | LeVieuxMachin · first_building Monastery |
| 25:14 | mimi.michalov · first_building Castle |
| 25:45 | zabreyski · first_building Castle |
| 26:03 | yyxtdh · first_building Castle |
| 26:36 | pabuGER · first_building Castle |
| 26:45 | exedra06 · first_building Barracks |
| 26:45 | yyxtdh · first_market_buy 100 food |
| 27:02 | Alien gives man a beard · first_building Archery Range |
| 27:33 | exedra06 · first_building Siege Workshop |
| 27:37 | zabreyski · first_building Barracks |
| 28:10 | yyxtdh · first_building Siege Workshop |
| 28:37 | exedra06 · first_building Monastery |
| 28:47 | LeVieuxMachin · first_building Barracks |
| 29:42 | LeVieuxMachin · first_building Castle |
| 29:52 | LeVieuxMachin · age_up imperial |
| 30:08 | exedra06 · age_up imperial |
| 30:23 | Alien gives man a beard · age_up castle |
| 30:24 | yyxtdh · age_up imperial |
| 30:27 | Alien gives man a beard · first_building Monastery |
| 31:23 | exedra06 · first_building Stable |
| 31:44 | Alien gives man a beard · first_building Castle |
| 31:56 | zabreyski · first_building Siege Workshop |
| 32:11 | pabuGER · age_up imperial |
| 33:05 | Franco Joao G · age_up imperial |
| 34:40 | zabreyski · first_building Stable |
| 35:29 | pabuGER · first_building Barracks |
| 35:30 | zabreyski · age_up imperial |
| 36:00 | Alien gives man a beard · first_building Siege Workshop |
| 36:05 | pabuGER · first_building Archery Range |
| 36:12 | mimi.michalov · age_up imperial |
| 40:23 | mimi.michalov · resign |
| 40:50 | Franco Joao G · wall_segment Stone Wall x18 |
| 44:31 | Alien gives man a beard · age_up imperial |
| 53:49 | yyxtdh · wall_segment Stone Wall x1 |
| 53:51 | yyxtdh · wall_segment Stone Wall x1 |
| 53:52 | yyxtdh · wall_segment Stone Wall x1 |
| 53:54 | yyxtdh · wall_segment Stone Wall x1 |
| 53:59 | yyxtdh · wall_segment Stone Wall x4 |
| 54:46 | exedra06 · first_market_sell 100 wood |
[ AI ANALYSIS · 1 CREDIT ]
What really happened in this match?
Wolo.gg analyzes every decision: build order, eco, micro, common mistakes by bracket. Personalized analysis on WhatsApp or Discord in 30 seconds.
Civ guide
Cumans
Perfil
Jugador #4427273